Map: 포트 알렉산더 - 래더

Players

Awers

  • Race: Terran Terran
  • Spawn Location: 11:00

cure - Winner!

  • Race: Terran Terran
  • Spawn Location: 5:00

Event: IEM Season 13: Katowice (2019)

VOD

Have the link to the VOD?

Description

Time

  • Played on: Feb. 25, 2019, 6:30 a.m.
  • Length: 8:09

All games in this series

Show
View Real Time Build Order
Export as new Build Order

Awers Terran 

Build Orders: Gas First Reaper Expand 

Get SALT Encoding   

  12  0:00  SCV  
  13  0:12  SCV  
  14  0:18  Supply Depot  
  14  0:25  SCV  
  15  0:30  Refinery  
  15  0:39  SCV  
  16  0:45  Barracks  
  16  0:51  SCV  
  17  1:03  SCV  
  18  1:15  SCV  
  19  1:32  Reaper, Orbital Command  
  20  1:47  Command Center  
  20  1:55  Factory  
  20  1:58  SCV  
  21  2:06  Refinery  
  21  2:08  Barracks Reactor  
  21  2:11  SCV  
  22  2:17  Supply Depot  
  22  2:23  SCV  
  23  2:35  SCV  
  23  2:40  Widow Mine  
  25  2:47  SCV  
  26  2:54  Marine x2  
  28  2:59  SCV  
  28  3:00  Starport  
  28  3:08  Factory Tech Lab  
  28  3:11  SCV  
  28  3:12  Marine  
  30  3:24  SCV  
  30  3:25  Marine  
  31  3:37  Marine  
  31  3:39  Starport Tech Lab  
  31  3:40  Cyclone  
  34  3:51  SCV  
  34  4:02  Orbital Command  
  33  4:04  Raven  
  33  4:05  SCV  
  33  4:08  Orbital Command  
  34  4:17  SCV  
  34  4:24  Siege Tank  
  38  4:29  SCV  
  39  4:32  Marine  
  39  4:33  Marine  
  39  4:35  SCV  
  42  4:42  SCV, Supply Depot  
  42  4:45  Refinery  
  43  4:50  SCV  
  40  4:56  Viking  
  38  5:03  SCV  
  37  5:18  SCV  
  38  5:22  SCV  
  39  5:30  SCV  
  39  5:35  Raven  
  40  5:45  SCV  
  40  5:47  SCV  
  42  5:55  Hellion  
  44  5:57  SCV  
  44  6:00  Marine x2  
  44  6:01  SCV  
  48  6:08  Supply Depot  
  48  6:11  SCV  
  48  6:14  SCV  
  48  6:16  Supply Depot  
  50  6:19  Siege Tank  
  50  6:25  SCV  
  54  6:30  SCV, Supply Depot  
  55  6:34  Viking  
  57  6:41  Viking  
  57  6:43  SCV x2  
  57  6:46  Marine  
  62  6:53  Siege Tank  
  62  6:55  SCV x2  
  62  7:01  Supply Depot  
  64  7:06  Viking  
  64  7:07  SCV x2  
  68  7:11  Viking  
  70  7:19  SCV x2  
  72  7:24  Supply Depot  
  72  7:27  Siege Tank  
  73  7:31  SCV  
  70  7:38  SCV  
  59  7:51  Refinery  
Show
View Real Time Build Order
Export as new Build Order

cure Terran - Winner!

Build Orders: Gas First Reaper Expand, Liberator Opening 

Get SALT Encoding   

  12  0:00  SCV  
  13  0:12  SCV  
  14  0:17  Supply Depot  
  14  0:24  SCV  
  15  0:28  Refinery  
  15  0:39  SCV  
  16  0:45  Barracks  
  16  0:51  SCV  
  17  1:03  SCV  
  18  1:15  SCV  
  19  1:32  Reaper, Orbital Command  
  20  1:45  Command Center  
  20  1:57  SCV  
  21  2:01  Factory  
  21  2:06  Barracks Reactor  
  21  2:09  SCV  
  21  2:14  Supply Depot  
  22  2:21  Refinery, SCV  
  23  2:35  SCV  
  24  2:46  Starport  
  24  2:47  SCV  
  25  2:53  Hellion x2  
  29  2:58  Orbital Command  
  29  3:01  SCV  
  30  3:07  Liberator  
  29  3:14  Hellion x2  
  29  3:18  SCV  
  34  3:26  SCV  
  38  3:30  SCV  
  39  3:39  Hellion  
  39  3:40  Hellion  
  42  3:43  SCV x2  
  44  3:49  Barracks Tech Lab  
  44  3:52  Supply Depot  
  44  3:55  SCV  
  44  3:56  SCV  
  44  3:57  Liberator  
  44  4:02  Hellion  
  46  4:04  Hellion  
  46  4:13  SCV x2, Supply Depot  
  51  4:21  Barracks Tech Lab  
  51  4:25  SCV x2  
  53  4:34  Cyclone  
  53  4:36  Supply Depot  
  53  4:37  SCV  
  53  4:38  SCV  
  58  4:47  Command Center  
  58  4:50  SCV x2  
  60  4:55  Marine x2  
  60  5:02  SCV x2  
  60  5:05  Raven  
  64  5:12  Marine  
  64  5:13  Marine  
  64  5:14  SCV x2  
  64  5:17  Siege Tank  
  64  5:18  Refinery  
  64  5:19  Refinery  
  68  5:23  Supply Depot x2  
  68  5:26  SCV x2  
  70  5:30  Supply Depot, Marine  
  70  5:31  Marine  
  72  5:38  SCV x2  
  71  5:49  Siege Tank  
  74  5:50  SCV x2  
  76  5:59  Barracks, Marine  
  76  6:00  Barracks, Orbital Command, Viking  
  76  6:03  SCV x2  
  81  6:08  Viking  
  81  6:16  SCV x2  
  81  6:17  Marine  
  84  6:22  Siege Tank  
  85  6:25  SCV  
  85  6:28  SCV x2  
  85  6:32  Viking  
  90  6:35  Marine  
  90  6:38  Viking  
  93  6:41  Engineering Bay x2  
  93  6:44  SCV x3  
  93  6:47  Barracks Reactor x2  
  96  6:53  Marine  
  95  6:56  SCV x3, Supply Depot  
  95  6:57  Supply Depot  
  95  6:59  Siege Tank  
  101  7:04  Refinery x2  
  101  7:06  Viking  
  103  7:08  Viking  
  103  7:10  Marine  
  103  7:12  SCV x3  
  109  7:18  Supply Depot  
  109  7:27  SCV x3  
  107  7:38  Marine x5  
  115  7:44  Barracks  
  115  7:46  Barracks  
  115  7:48  Supply Depot  
  115  7:50  SCV x3  
  117  8:07  Armory  

Tags
 
Add a new tag
Caveats
  • Supply blocks, unpowered buildings, or Contaminate may cause inaccurate times.
  • Supply counts are checked every 10 seconds.